 Dungeon Crawl Stone Soup version 0.27.1-34-g3ba077fa99 (webtiles) character file.

Game seed: 17838116520750478067

2 Malroth the Stinger (level 1, -6/13 HPs)
             Began as a Merfolk Venom Mage on Jan 25, 2022.
             Mangled by a gnoll (7 damage)
             ... on level 2 of the Dungeon.
             The game lasted 00:04:07 (257 turns).

Malroth the Stinger (Merfolk Venom Mage)             Turns: 257, Time: 00:04:08

Health: -6/13      AC:  2    Str:  8    XL:     1   Next: 40%
Magic:  0/3        EV: 12    Int: 14    God:
Gold:   42         SH:  0    Dex: 14    Spells: 3/4 levels left

rFire    . . .     SeeInvis .   (no weapon)
rCold    . . .     Faith    .   (no shield)
rNeg     . . .     Spirit   .   a - +0 robe
rPois    .         Reflect  .   (no helmet)
rElec    .         Harm     .   (no cloak)
rCorr    .         Rampage  .   (no gloves)
Will     .....                  (no boots)
Stlth    ++........             (no amulet)
HPRegen  0.04/turn              (no ring)
MPRegen  0.08/turn              (no ring)

@: no status effects
A: (nimble swimmer 2), mertail
a: no special abilities


You were on level 2 of the Dungeon.
You visited 1 branch of the dungeon, and saw 2 of its levels.

You collected 42 gold pieces.

Inventory:

Armour
 a - a +0 robe (worn)
Potions
 b - a potion of attraction {unknown}


   Skills:
 - Level 2.6 Dodging
 - Level 2.1 Stealth
 + Level 2.0 Spellcasting
 + Level 1.5 Transmutations
 + Level 3.3 Poison Magic


You had 3 spell levels left.
You knew the following spells:

 Your Spells              Type           Power      Damage    Failure   Level
a - Sting                 Tmut/Pois      32%        1d4       9%          1

Your spell library contained the following spells:

 Spells                   Type           Power      Damage    Failure   Level
 Poisonous Vapours        Pois/Air       12%        N/A       19%         2
 Mephitic Cloud           Conj/Pois/Air  4%         N/A       41%         3
 Olgreb's Toxic Radiance  Pois           10%        N/A       52%         4


Dungeon Overview and Level Annotations

Branches:
Dungeon (1/15)

Altars:


Innate Abilities, Weirdness & Mutations

((You are quick and stealthy near water. (Stealth+, EV+, Speed+++)))
Your lower body shifts to a powerful aquatic tail in water.


Message History

The quokka misses you. The quokka misses you. The quokka barely misses you.
There is an escape hatch in the floor here.
You can't go up here!
Casting: Sting (safe; 9% risk of failure)
Confirm with . or Enter, or press ? or * to list all spells.
Aiming: Sting (safe; 9% risk of failure)
Press: ? - help, Shift-Dir - straight line, f - quokka
Aim: a quokka (56% to hit)
The sting misses the quokka.
The quokka barely misses you. The quokka barely misses you.
The gnoll misses you.
A ball python comes into view.
The quokka closely misses you. The quokka bites you.
The gnoll closely misses you.
Casting: Sting (safe; 9% risk of failure)
Confirm with . or Enter, or press ? or * to list all spells.
Aiming: Sting (safe; 9% risk of failure)
Press: ? - help, Shift-Dir - straight line, f/p - quokka
Aim: a quokka (56% to hit)
The sting misses the quokka.
The sting hits the gnoll.
The gnoll is poisoned.
The gnoll is moderately wounded.
The quokka barely misses you. The gnoll closely misses you.
A kobold comes into view. It is wielding a +0 club.
The quokka barely misses you. The gnoll barely misses you.
The gnoll hits you from afar with a +0 spear.
The gnoll hits you from afar with a +0 spear. x2
* * * LOW HITPOINT WARNING * * *
The quokka bites you but does no damage.
Casting: Sting (safe; 9% risk of failure)
Confirm with . or Enter, or press ? or * to list all spells.
Aiming: Sting (safe; 9% risk of failure)
Press: ? - help, Shift-Dir - straight line, f - gnoll, p - quokka
Aim: a gnoll, wielding a +0 spear (72% to hit)
The sting hits the quokka.
The quokka is poisoned.
The quokka is moderately wounded.
The gnoll looks more healthy.
The quokka barely misses you.
The gnoll hits you from afar with a +0 spear!
Ouch! That really hurt!
You die...

#...........
#...........#
#...........# .
##++...........+
...###..............#
.....................
..........#g.......#
++........#.r......#
#.......>.g.@.....#
#...............#...
#...............#...
........:........#....
....####..............
S..........†..........
...................
.####..............
######.....#.


You could see 2 gnolls and a quokka (poisoned).

Vanquished Creatures
  A bat (D:2)
  A kobold (D:1)
2 creatures vanquished.

Vanquished Creatures (others)
  A fungus (D:1)
1 creature vanquished.

Grand Total: 3 creatures vanquished

Notes
Turn   | Place    | Note
-------+----------+-------------------------------------------
     0 | D:1      | Malroth the Merfolk Venom Mage began the quest for the Orb.
     0 | D:1      | Reached XP level 1. HP: 13/13 MP: 3/3
   209 | D:1      | Found a faded altar of an unknown god.
   231 | D:1      | You fall into a shaft and drop 1 floor!
   257 | D:2      | Mangled by a gnoll

Illustrated notes

Levels and vault maps discovered:
D:1:      giann_forest_graveyard, layout_rooms, shapermc_ecumenical_altar_petra,
          minmay_split_cup_small
D:2:      layout_basic, basic_altar, chequers_serial_rivers_small_3

Action                   || total
-------------------------++-------
Melee: Unarmed           ||     4
 Cast: Sting             ||     6
Armor: Robe              ||     3
Dodge: Dodged            ||    16
